[Event "MCR rapid mládeže 2023 U16"]
[Site "Harachov, Czech Republic"]
[Date "2023.09.09"]
[Round "4.18"]
[White "Svadlenka, Michal"]
[Black "Zimovcak, Krystof"]
[Result "1-0"]
[TimeControl "20min+5s/move"]
[WhiteElo "1451"]
[BlackElo "1325"]

1. e4 d5 2. exd5 Nf6 3. d4 Nxd5 4. Bc4 Nb6 5. Bb3 e6 6. Nf3 Nc6 7. O-O Bd6 8. c4 Bb4 9. a3 Ba5 10.
Ba2 Nd7 11. b4 Nxb4 12. axb4 Bxb4 13. Bd2 c5 14. Bxb4 cxb4 15. d5 Nb6 16. Re1 O-O 17. d6 Nd7 18. Nbd2 b6 19. Nb3 Bb7 20.
Ne5 Qg5 21. Nf3 Qg4 22. Nbd4 Nc5 23. h3 Bxf3 24. Nxf3 Qf4 25. g3 Qf6 26. Ne5 Rfd8 27. Ng4 Qc3 28. Re3 Qb2 29. Re2 Qc3 30.
Rc1 Qa3 31. Bb1 b3 32. Rc3 a5 33. Ne5 Qa1 34. Bxh7+ Kxh7 35. Qxa1 Rxd6 36. Nxf7 Rd7 37. Ng5+ Kg8 38. Qb1 Rad8 39.
Qh7+ Kf8 40. Qh8+ Ke7 41. Qxg7+ Kd6 42. Qe5+ Kc6 43. Nxe6 Nxe6 44. Qxe6+ Rd6 45. Qe4+ Kc5 46. Rxb3 Rd1+ 47. Kg2 a4 48. Rb5+ Kd6 49. Qe7+ Kc6 50. Re6+ R8d6 51.
Rxd6+ Rxd6 52. Rxb6+ Kxb6 53. Qxd6+ 1-0

[Event "MCR rapid mládeže 2023 U16"]
[Site "Harachov, Czech Republic"]
[Date "2023.09.09"]
[Round "4.19"]
[White "Zrust, Lukas"]
[Black "Honcharov, Makar"]
[Result "0-1"]
[TimeControl "20min+5s/move"]
[WhiteElo "1519"]
[BlackElo "1593"]

1. c4 Nf6 2. Nc3 g6 3. g3 Bg7 4. Bg2 O-O 5.
Nf3 d6 6. O-O e5 7. d3 Nc6 8. Bd2 h6 9. a3 a5 10. Nb5 Be6 11. Qc2 Qd7 12. e3 Bh3 13. Bc3 Bxg2 14. Kxg2 Nh5 15.
d4 Rae8 16. d5 Ne7 17. Bxa5 e4 18. Nd2 c6 19. dxc6 bxc6 20. Nd4 Bxd4 21. exd4 d5 22. Rfe1 Nf5 23. Bb4 Nxd4 24. Qc3 Nf5 25.
Bxf8 Rxf8 26. Nb3 d4 27. Rad1 Nh4+ 28. gxh4 Qg4+ 29. Qg3 Nxg3 30. hxg3 Qf3+ 31. Kg1 Qxb3 32. Rxd4 f5 33. Rd2 f4 34. Kh2 Qxc4 35. gxf4 Rxf4 36. Rg1 Rxh4+ 37. Kg3 Rg4+ 38. Kxg4 e3+ 0-1

[Event "MCR rapid mládeže 2023 U16"]
[Site "Harachov, Czech Republic"]
[Date "2023.09.09"]
[Round "4.20"]
[White "Rudlof, Adam"]
[Black "Boff, Ondrej"]
[Result "1/2-1/2"]
[TimeControl "20min+5s/move"]
[WhiteElo "1436"]
[BlackElo "1486"]

1. e4 c5 2. Nf3 Nc6 3. d4 cxd4 4. Nxd4 e5 5. Nb5 d6 6. N1c3 a6 7. Na3 Be7 8. Nc4 b5 9. Ne3 Nf6 10. Ned5 Be6 11. Nxf6+ Bxf6 12. Be3 O-O 13.
Nd5 Bxd5 14. Qxd5 Qc7 15. c3 Ne7 16. Qd2 Qc6 17. Bd3 Rfd8 18. O-O Ng6 19. g3 d5 20. Qc2 d4 21. cxd4 Qxc2 22.
Bxc2 exd4 23. Bd2 d3 24. Bb3 Bxb2 25. Rab1 Bd4 26. Bd5 Ra7 27. Ba5 Rc8 28. Rbc1 Re8 29. Bc6 Rc8 30. Bd5 Re8 31.
Bc6 Rc8 32. Bd5 1/2-1/2

[Event "MCR rapid mládeže 2023 U16"]
[Site "Harachov, Czech Republic"]
[Date "2023.09.09"]
[Round "4.21"]
[White "Sochor, Antonin"]
[Black "Kovac, Pavel"]
[Result "1-0"]
[TimeControl "20min+5s/move"]
[WhiteElo "1480"]
[BlackElo "1254"]

1. d4 Nf6 2. Nf3 g6 3. c4 c5 4. d5 b5 5. cxb5 a6 6. bxa6 Bxa6 7. Nc3 Bg7 8. e4 Bxf1 9. Kxf1 d6 10.
g3 O-O 11. Kg2 Nbd7 12. Re1 Ne5 13. Nxe5 dxe5 14. Be3 Qa5 15. Qc2 Rfb8 16. b3 Nd7 17. Rec1 Nb6 18. Ne2 Nd7 19. Bxc5 Qxc5 20.
Qxc5 Nxc5 21. Rxc5 Rxb3 22. axb3 Rxa1 23. Nc3 Bf8 24. Rc8 Kg7 25. b4 e6 26. b5 Ra7 27. b6 Rb7 28. Na4 Bd6 29.
Rc6 Bb4 30. Rc7 Rb8 31. dxe6 Kf6 32. exf7 Be7 33. b7 Bf8 34. Rc8 1-0

[Event "MCR rapid mládeže 2023 U16"]
[Site "Harachov, Czech Republic"]
[Date "2023.09.09"]
[Round "4.22"]
[White "Chernyy, Andrey"]
[Black "Tejnor, Martin"]
[Result "0-1"]
[TimeControl "20min+5s/move"]
[WhiteElo "1582"]
[BlackElo "1434"]

1. e4 c5 2. Nf3 d6 3. Nc3 Nc6 4. Bb5 Bd7 5. Bxc6 bxc6 6. d4 cxd4 7. Qxd4 e5 8. Qd3 Be7 9. h3 h6 10.
b3 Nf6 11. O-O O-O 12. a4 Qc7 13. Ba3 Be6 14. Rad1 Rfd8 15. Qe2 Rab8 16. Rd3 Rd7 17. Re1 Nh5 18. Bc1 Nf6 19. Nh4 Rbd8 20.
Nf5 Bf8 21. Rg3 Kh7 22. Qf3 Ng8 23. Ba3 g6 24. Ne3 Be7 25. Qe2 Nf6 26. Ng4 Nh5 27. Rf3 Nf4 28. Qf1 Kg7 29. g3 Nxh3+ 30. Qxh3 h5 31. Qg2 Bxg4 32. Rd3 Be6 33. f4 exf4 34. gxf4 Bg4 35. Rg3 Bh4 36. Ne2 Bxe2 37. Rxe2 Bxg3 38.
Qxg3 Kh7 39. Bb2 Re7 40. Rh2 Rg8 41. Qf3 Qa5 42. Bc3 Qc5+ 43. Kh1 Kh6 44. b4 Qc4 45. Qg3 0-1

[Event "MCR rapid mládeže 2023 U16"]
[Site "Harachov, Czech Republic"]
[Date "2023.09.09"]
[Round "4.23"]
[White "Vancakova, Veronika"]
[Black "Stepankova, Linda"]
[Result "1-0"]
[TimeControl "20min+5s/move"]
[WhiteElo "1433"]
[BlackElo "1124"]

1. d4 Nf6 2. c4 d5 3. cxd5 Nxd5 4. e4 Nb6 5. Nc3 Nc6 6. Bb5 Bd7 7. Be3 e6 8. Nge2 a6 9. Bd3 Be7 10.
a3 O-O 11. O-O Bg5 12. f4 Bh6 13. b3 f6 14. Bc2 e5 15. Qd3 exd4 16. Nxd4 Nxd4 17. Bxd4 Bc6 18. e5 fxe5 19. Qxh7+ Kf7 20.
fxe5+ Ke8 21. Qg6+ Kd7 22. Bf5+ 1-0

[Event "MCR rapid mládeže 2023 U16"]
[Site "Harachov, Czech Republic"]
[Date "2023.09.09"]
[Round "4.24"]
[White "Nova, Anezka"]
[Black "Jakubse, Tamae Severina"]
[Result "1/2-1/2"]
[TimeControl "20min+5s/move"]
[WhiteElo "1382"]
[BlackElo "1223"]

1. e4 e5 2. Nf3 Nc6 3. d4 exd4 4.
Bc4 Nf6 5. e5 Ne4 6. Qe2 Nc5 7. Ng5 Ne6 8. Nxe6 dxe6 9. O-O Bc5 10. Rd1 Qh4 11. Nd2 h6 12. Nf3 Qe7 13. a3 a6 14.
b4 Ba7 15. Bb2 O-O 16. Nxd4 Nxd4 17. Bxd4 Bxd4 18. Rxd4 b5 19. Bb3 Bb7 20. Rad1 Rfd8 21. Qd2 Rxd4 22. Qxd4 Qg5 23. g3 Qh5 24.
Qd3 Qxe5 25. f3 Qb2 26. Kf2 Qxa3 27. Qc3 a5 28. Qxc7 Bd5 29. Bxd5 exd5 30. bxa5 Qxa5 31. Qxa5 Rxa5 32. Rxd5 Ra2 33. Rc5 Kf8 34.
Ke3 Ke7 35. Kd3 Ra3+ 36. Ke4 Ra5 37. c3 Kd6 38. Rd5+ Kc6 39. Rf5 f6 40. Kd4 Ra1 41. Rc5+ Kb6 42. Rd5 Rd1+ 43. Ke4 Rh1 44.
Rd7 Rxh2 45. Rxg7 Rc2 46. Kd3 1/2-1/2

[Event "MCR rapid mládeže 2023 U16"]
[Site "Harachov, Czech Republic"]
[Date "2023.09.09"]
[Round "4.25"]
[White "Janouskova, Eliska"]
[Black "Kusova, Nikola"]
[Result "0-1"]
[TimeControl "20min+5s/move"]
[WhiteElo "1333"]
[BlackElo "1247"]

1. e4 e5 2. Nf3 Nf6 3. Nxe5 d6 4. Nf3 Nxe4 5. Nc3 Nf6 6. d4 d5 7. h3 Nc6 8. Bd3 Bb4 9. O-O O-O 10.
Bg5 Re8 11. Qd2 Be6 12. a3 Ba5 13. Rfe1 Bb6 14. Bf1 h6 15. Bh4 Ba5 16. b4 Bb6 17. Na4 g5 18. Bg3 Ne4 19. Qd1 g4 20.
Nxb6 axb6 21. hxg4 Bxg4 22. Be2 Nc3 23. Qd2 Nxe2+ 24. Rxe2 Rxe2 25. Qxe2 Nxd4 26. Qd3 Nxf3+ 27. gxf3 Qf6 28.
Re1 Bxf3 29. Bxc7 Rc8 30. Bg3 Be4 31. Qe3 Rxc2 32. Rf1 Qf3 33. Qxf3 Bxf3 34. Ra1 Kf8 35. Bf4 h5 36. Bg3 Ke7 37.
Re1+ Re2 38. Ra1 Kd7 39. Bh4 f5 40. Bg3 Be4 41. Bh4 d4 42. Bg5 d3 43. Rd1 Ke6 44. Bf4 Kd5 45. Be3 Kc4 46.
Bxb6 d2 47. Kh2 Bc2 48. Rg1 d1=Q 49. Rxd1 Bxd1 50. Bc5 Ra2 51. Be3 Rxa3 0-1

[Event "MCR rapid mládeže 2023 U16"]
[Site "Harachov, Czech Republic"]
[Date "2023.09.09"]
[Round "4.26"]
[White "Trcalkova, Ema"]
[Black "Kratka, Tereza"]
[Result "0-1"]
[TimeControl "20min+5s/move"]
[WhiteElo "1306"]
[BlackElo "1147"]

1. e4 c5 2. Nf3 Nc6 3. d4 cxd4 4. Nxd4 g6 5. Nxc6 bxc6 6. Nc3 Bg7 7. Bd3 Nf6 8. Bf4 d6 9. O-O O-O 10.
Qd2 Bb7 11. Rfe1 Qd7 12. Rad1 c5 13. f3 Nh5 14. Bh6 Nf6 15. Bc4 Qc7 16. Qg5 Qb6 17. b3 e6 18. e5 dxe5 19. Rxe5 Bc6 20.
Bxg7 Kxg7 21. Rd6 Rad8 22. Rd1 Rxd1+ 23. Nxd1 a6 24. Rxc5 Nd7 25. Qf4 Nxc5 26. Qd4+ Kg8 27. Qh4 Nxb3+ 28. Kh1 Nd2 29. Bd3 Qb1 30. Qe1 Nxf3 31. Qe2 Nd4 32. Qd2 Rd8 0-1

[Event "MCR rapid mládeže 2023 U16"]
[Site "Harachov, Czech Republic"]
[Date "2023.09.09"]
[Round "4.27"]
[White "Tepla, Ema"]
[Black "Strazhnyk, Viktoriia"]
[Result "0-1"]
[TimeControl "20min+5s/move"]
[WhiteElo "1049"]
[BlackElo "1392"]

1. e4 e6 2. d4 d5 3. Nc3 Bb4 4. e5 c5 5. a3 Bxc3+ 6. bxc3 Qb6 7. Nf3 Ne7 8. Be3 cxd4 9. cxd4 Nf5 10.
Bd3 Nxe3 11. fxe3 Nc6 12. O-O g6 13. Ng5 O-O 14. Rf2 Bd7 15. Qf1 Be8 16. Nxe6 Bd7 17. Nxf8 Rxf8 18. Rb1 Qc7 19.
c4 Be6 20. Rf6 Na5 21. c5 Nc4 22. Bxc4 dxc4 23. Qf3 b6 24. d5 Bf5 25. Qg3 Bxb1 26. Rc6 Qd7 27. Qf3 Bd3 28. e4 Re8 29.
Qf6 Qg4 30. Rc7 Qd1+ 31. Kf2 Qe2+ 32. Kg3 Qe3+ 33. Kh4 Qxe4+ 34. Kh3 Qf5+ 35. Qxf5 Bxf5+ 36. g4 Bc2 37. cxb6 axb6 38. Rxc4 Bb3 39.
Rd4 Rxe5 40. d6 Re8 41. d7 Rd8 42. Kg3 Be6 43. Rd6 Rxd7 44. Rxb6 Rd3+ 45. Kf4 Rxa3 46. h4 Ra4+ 47. Kg5 Kg7 48.
h5 Rxg4# 0-1

[Event "MCR rapid mládeže 2023 U16"]
[Site "Harachov, Czech Republic"]
[Date "2023.09.09"]
[Round "4.28"]
[White "Mojzisova, Barbora"]
[Black "Hujova, Tess"]
[Result "0-1"]
[TimeControl "20min+5s/move"]
[WhiteElo "1220"]
[BlackElo "1104"]

1. e4 e6 2. d4 b6 3. Nc3 Bb7 4. Nf3 Bb4 5. Bd3 Nf6 6. Qe2 O-O 7. Bd2 d6 8. a3 Bxc3 9. Bxc3 Nbd7 10.
O-O c5 11. dxc5 Nxc5 12. e5 dxe5 13. Nxe5 Qd5 14. Nf3 Nxd3 15. Qxd3 Qxd3 16. cxd3 Bxf3 17. gxf3 Nd5 18. Rac1 Nf4 19.
Rcd1 Rfd8 20. d4 Rac8 21. Rfe1 Nd5 22. Rc1 Nf4 23. Rcd1 Nd5 24. Rc1 Nxc3 25. bxc3 Rc4 26. Re3 Kf8 27.
Kf1 Ke7 28. Ke1 Ra4 29. Ra1 Rc8 30. Kd2 Ra5 31. Kc2 Rh5 32. Rh1 Rh4 33. Re4 Rh3 34. Re3 Kd6 35. Kb3 Re8 36. Kc4 a6 37.
a4 Rh4 38. Re4 Rh3 39. Re3 Rb8 40. Kb4 b5 41. axb5 Rxb5+ 42. Ka4 Rb2 43. Ka5 Rxf2 44. Kxa6 Rhxf3 45. Rxf3 Rxf3 46. c4 Rd3 47.
c5 Kc6 48. Ka5 Rxd4 49. Rc1 f5 50. Re1 Re4 51. Rc1 f4 52. Rg1 g6 53. Rg4 Kxc5 54. Rh4 e5 55. Rxh7 f3 56. Rc7 Kd4 57.
Rd7+ Ke3 58. Rb7 Rd4 59. Re7 e4 60. Rf7 f2 61. Kb5 Rd1 62. Kc4 f1=Q+ 63. Rxf1 Rxf1 64. h4 Rd1 65. Kd4+ 0-1

[Event "MCR rapid mládeže 2023 U16"]
[Site "Harachov, Czech Republic"]
[Date "2023.09.09"]
[Round "4.29"]
[White "Fadrny, Jachym"]
[Black "Vo, Daniel"]
[Result "1-0"]
[TimeControl "20min+5s/move"]
[WhiteElo "1347"]
[BlackElo "1445"]

1. e4 c5 2. Nf3 d6 3. d4 cxd4 4. Nxd4 Nf6 5. Nc3 a6 6. Bc4 e6 7. O-O Be7 8. Be3 Qc7 9. Qe2 b5 10.
Bb3 O-O 11. a4 bxa4 12. Nxa4 Nbd7 13. Nc3 Nc5 14. f3 Nxb3 15. Nxb3 Bb7 16. Na4 Nd7 17. Rfd1 Bc6 18. Nc3 Bb7 19.
Na5 Rfc8 20. Nxb7 Qxb7 21. Bd4 e5 22. Nd5 Nf6 23. Nxe7+ Qxe7 24. Bc3 Rc6 25. Qd3 h6 26. b4 Rac8 27.
Be1 Ne8 28. Rxa6 Rxc2 29. Rd2 Rc1 30. Rd1 Rxd1 31. Qxd1 Qb7 32. Ra5 Qb6+ 33. Kf1 f6 34. Qb3+ Kh8 35. Ra1 Qd4 36. Rd1 Qb6 37.
Qd3 Kh7 38. f4 Kh8 39. fxe5 dxe5 40. Qd7 Qb8 41. b5 Nc7 42. b6 Na6 43. b7 Rf8 44. Rc1 1-0

[Event "MCR rapid mládeže 2023 U16"]
[Site "Harachov, Czech Republic"]
[Date "2023.09.09"]
[Round "4.30"]
[White "Kozusnik, Jan"]
[Black "Gernert , Tomas"]
[Result "0-1"]
[TimeControl "20min+5s/move"]
[WhiteElo "1399"]
[BlackElo "1236"]

1. e4 c5 2. Nf3 Nc6 3. d4 cxd4 4. Nxd4 g6 5.
Be3 Bg7 6. Nc3 Nf6 7. Qd2 d5 8. Bb5 Bd7 9. exd5 Nb4 10. a3 Nbxd5 11. Bxd7+ Qxd7 12. O-O-O Nxe3 13. Qxe3 O-O 14. Rhe1 e6 15.
Nf5 Qc7 16. Nxg7 Kxg7 17. h4 Rfd8 18. f3 Rac8 19. g4 Nd5 20. Qd4+ Kg8 21. Rd2 Nxc3 22. Qxc3 Qxc3 23. bxc3 Rxd2 24.
Kxd2 Rd8+ 25. Ke3 f5 26. g5 Kf7 27. f4 Ke7 28. Rb1 b6 29. c4 Rc8 30. Kd3 Kd6 31. Rb5 Rc5 32. Rxc5 bxc5 33. c3 e5 34. Ke3 e4 35.
a4 Kc6 36. Ke2 Kb6 37. Ke3 Ka5 0-1

[Event "MCR rapid mládeže 2023 U16"]
[Site "Harachov, Czech Republic"]
[Date "2023.09.09"]
[Round "4.31"]
[White "Trejbal, Jindrich"]
[Black "Bukovskij, Dmitri"]
[Result "1-0"]
[TimeControl "20min+5s/move"]
[WhiteElo "1088"]
[BlackElo "1291"]

1. f4 d5 2. Nf3 Nc6 3. e3 Bg4 4. d4 Nf6 5. c3 e6 6. Bd3 Ne4 7. O-O Be7 8. Nbd2 f5 9. Qe1 Bxf3 10.
Nxf3 Qd7 11. Ne5 Nxe5 12. fxe5 O-O-O 13. Bxe4 fxe4 14. Qe2 Rhf8 15. Bd2 Bg5 16. Rxf8 Rxf8 17. Rf1 Rf7 18. Rxf7 Qxf7 19. Qf2 Qxf2+ 20. Kxf2 Kd7 21. Kg3 Kc6 22. h4 Bh6 23. Kg4 Kb5 24. b3 c5 25. Kh5 c4 26. g4 cxb3 27. axb3 a5 28. g5 Bxg5 29.
Kxg5 a4 30. bxa4+ Kxa4 31. Kg4 Kb3 32. Kg3 Kc2 33. Be1 Kd1 34. Kf2 b5 35. Kf1 h5 36.
Kf2 Kc2 37. Ke2 Kc1 38. Bd2+ Kc2 39. Ke1 Kd3 40. Kd1 g6 41. Ke1 Kc2 42. Ke2 Kb3 43. Kd1 Kb2 44. Be1 Kb3 45. Kc1 Ka2 46.
Kc2 Ka3 47. Bd2 Ka2 48. Be1 Ka3 49. Bf2 b4 50. cxb4 Kxb4 51. Kb2 Kc4 52. Kc2 Kb4 53. Be1+ Ka4 54. Bd2 Ka3 55. Kc3 Ka4 56.
Kb2 Kb5 57. Kb3 Kb6 58. Kb4 Kc6 59.
Ka5 Kd7 60. Kb6 Ke7 61. Kc7 Kf7 62.
Kd7 g5 63. hxg5 h4 64. Be1 h3 65. Bg3 Kg6 66. Bf4 Kf5 67. Ke7 h2 68. Bxh2 Kxg5 69. Kxe6 Kg6 70. Kxd5 Kf7 71. Kxe4 Ke6 72.
d5+ Ke7 73. e6 1-0

[Event "MCR rapid mládeže 2023 U16"]
[Site "Harachov, Czech Republic"]
[Date "2023.09.09"]
[Round "4.32"]
[White "Mauric, Jan"]
[Black "Dlouhy, Martin"]
[Result "1-0"]
[TimeControl "20min+5s/move"]
[WhiteElo "1260"]
[BlackElo "1193"]

1. d4 Nf6 2. Bf4 d5 3. Nf3 e6 4. e3 c5 5. c3 Nc6 6. Bb5 Bd7 7. Nbd2 h6 8. Bxc6 Bxc6 9. Ne5 Bd7 10.
Nxd7 Qxd7 11. O-O Be7 12. dxc5 Bxc5 13. Nb3 Bd6 14. Bxd6 Qxd6 15. c4 O-O 16. cxd5 Qxd5 17. Rc1 Rac8 18.
Qe2 Qd6 19. Rfd1 Qb6 20. Rc2 Rxc2 21. Qxc2 Rd8 22. g3 Rxd1+ 23. Qxd1 Nd5 24. Qd4 Qxd4 25. Nxd4 Kf8 26. Kf1 Ke7 27.
Ke2 a6 28. a3 e5 29. Nf3 f6 30. h4 g6 31. Nd2 b5 32. Kd3 Kd6 33. Ne4+ Ke6 34. Nc5+ Kd6 35. Nxa6 Kc6 36. b4 f5 37.
Nc5 Kd6 38. e4 fxe4+ 39. Nxe4+ Ke6 40. f3 Nb6 41. Nc3 Kd6 42. Nxb5+ Kc6 43. Nc3 Nd7 44. g4 Nf8 45. Ke4 Nd7 46.
Nd5 Kd6 47. a4 Kc6 48. a5 Kb5 49. Ne7 Kxb4 50. Nxg6 Nf8 51. Nxe5 Kxa5 52. h5 Kb5 53. Nf7 Kc6 54. Nxh6 Kd7 55. Kf5 Ke8 56. Kf6 Nd7+ 57. Nf5 Nf8 58. Kg7 Ne6+ 59. h6 Ng5 60. Kg8 Nh7 1-0

[Event "MCR rapid mládeže 2023 U16"]
[Site "Harachov, Czech Republic"]
[Date "2023.09.09"]
[Round "4.33"]
[White "Zika, Miroslav"]
[Black "Velim, Vojtech"]
[Result "0-1"]
[TimeControl "20min+5s/move"]
[WhiteElo "1199"]
[BlackElo "1799"]

1. c4 e6 2. Nf3 d5 3. e3 Nf6 4. Nc3 c5 5. cxd5 exd5 6. d4 Nc6 7. Bb5 a6 8. Ba4 Bg4 9. h3 Bh5 10.
g4 Bg6 11. Ne5 Qd6 12. Nxc6 bxc6 13. dxc5 Qxc5 14. Qd4 Rc8 15. Bd2 Qxd4 16. exd4 Bb4 17. f3 O-O 18. Kf2 c5 19. dxc5 d4 20.
Nb1 Bxc5 21. Kg3 Nd5 22. Re1 Bd6+ 23. Kg2 Bc2 24. Bd7 Rc7 25. Bf5 Bxf5 26. gxf5 Rc2 27. Rc1 Rfc8 28. Na3 Rxd2+ 29. Kf1 Rxc1+ 30. Rxc1 Bxa3 31.
bxa3 Nc3 32. Ke1 Re2+ 33. Kf1 Rxa2 34. Re1 Kf8 35. h4 d3 36. h5 d2 37. h6 Rc2 38. Re8+ Kxe8 39. hxg7 d1=R# 0-1

[Event "MCR rapid mládeže 2023 U16"]
[Site "Harachov, Czech Republic"]
[Date "2023.09.09"]
[Round "4.34"]
[White "Tomes, Jan"]
[Black "Vorlik, Jachym"]
[Result "0-1"]
[TimeControl "20min+5s/move"]
[WhiteElo "1050"]
[BlackElo "1210"]

1. e4 e6 2. d4 d5 3. Nc3 Bb4 4.
Bd2 Bxc3 5. Bxc3 dxe4 6. f3 exf3 7. Nxf3 Nf6 8. Bd3 O-O 9. O-O Nbd7 10. Qd2 c5 11. dxc5 Nxc5 12. Bb4 b6 13.
Rad1 Bb7 14. Qg5 Bxf3 15. Rxf3 Qd4+ 16. Kh1 Qxb4 17. Rxf6 Qxb2 18. Rf3 Nxd3 19. Rfxd3 Qxc2 20. h3 Qxa2 21.
Kh2 Qf2 22. Rd8 Qc5 23. Qh4 Qc7+ 24. R8d6 a5 25. Kh1 Qc5 26. Rd8 Raxd8 27. Rxd8 Qc1+ 28. Kh2 Qc7+ 29. g3 Qxd8 30. Qf4 Qb8 31.
Qd2 Rd8 32. Qe2 Qd6 33. Qg2 Qd2 34. Qxd2 Rxd2+ 35. Kg1 b5 36. Kf1 b4 37. Ke1 Ra2 38. Kd1 b3 39. Kc1 Rc2+ 40. Kb1 e5 41. g4 e4 42. g5 e3 43. h4 e2 44. g6 e1=Q# 0-1

[Event "MCR rapid mládeže 2023 U16"]
[Site "Harachov, Czech Republic"]
[Date "2023.09.09"]
[Round "4.35"]
[White "Strihavka, Petr"]
[Black "Zelenka, Tomas"]
[Result "1-0"]
[TimeControl "20min+5s/move"]
[WhiteElo "1205"]
[BlackElo "1457"]

1. e4 c5 2. Nf3 Nc6 3. d4 cxd4 4. Nxd4 g6 5. Nc3 Bg7 6. Be3 Nf6 7. Bc4 O-O 8. h3 d6 9. O-O Qb6 10.
Nb3 Qc7 11. Be2 Be6 12. Qd2 Rfd8 13. Bh6 d5 14. exd5 Nxd5 15. Bxg7 Kxg7 16. Nd4 Nxd4 17. Qxd4+ Kg8 18. Bf3 Nxc3 19.
Qxc3 Qxc3 20. bxc3 Rd2 21. Bxb7 Rb8 22. Be4 Rb2 23. a3 Bf5 24. Bxf5 gxf5 25. c4 Rdxc2 26. Rfc1 Rxf2 27. c5 Rxg2+ 28. Kf1 Rgc2 29. c6 Rxc1+ 30. Rxc1 Rb8 31. Ke2 Rc8 32.
Kd3 Kf8 33. Kd4 Ke8 34. Ke5 e6 35. Kd6 f4 36. c7 e5 37. Rb1 Rxc7 38. Rb8+ 1-0

[Event "MCR rapid mládeže 2023 U16"]
[Site "Harachov, Czech Republic"]
[Date "2023.09.09"]
[Round "4.36"]
[White "Bartak, Tobias"]
[Black "Krivka, Lukas"]
[Result "1-0"]
[TimeControl "20min+5s/move"]
[WhiteElo "1259"]
[BlackElo "1104"]

1. e4 c6 2. d4 d5 3.
exd5 cxd5 4. c4 e6 5. Nc3 Nf6 6. Bg5 Be7 7. Nf3 h6 8. Bf4 Bd6 9. Bxd6 Qxd6 10. c5 Qd8 11. Bb5+ Bd7 12.
Bxd7+ Qxd7 13. O-O Nc6 14. Nb5 O-O 15. Qe2 a6 16. Nd6 Ne8 17. Nxe8 Rfxe8 18. Rfe1 Qc7 19. Qd2 Qa5 20. Qxa5 Nxa5 21.
b4 Nc4 22. a4 Rac8 23. b5 a5 24. Ne5 Nxe5 25. Rxe5 f6 26. Re2 e5 27. Rae1 Kf7 28. dxe5 fxe5 29. Rxe5 Rxe5 30. Rxe5 Rxc5 31.
h3 Kf6 32. Re3 Rc1+ 33. Kh2 Ra1 34. Rf3+ Ke6 35. Re3+ Kf7 36. Rf3+ Kg8 37. Rf4 g5 38. Rd4 Ra2 39. f3 Kf7 40.
Rxd5 Rxa4 41. Rd7+ Kg6 42. Rxb7 Rb4 43. b6 a4 44. Ra7 Rxb6 45. Rxa4 h5 46. h4 Rc6 47. Kg3 gxh4+ 48. Kxh4 Rf6 49.
Ra5 Rf4+ 50. g4 hxg4 51. Rg5+ Kf6 1-0

[Event "MCR rapid mládeže 2023 U16"]
[Site "Harachov, Czech Republic"]
[Date "2023.09.09"]
[Round "4.37"]
[White "Martikanova, Amalie"]
[Black "Hamernikova, Iris"]
[Result "1-0"]
[TimeControl "20min+5s/move"]
[WhiteElo "1107"]
[BlackElo "1387"]

1. e4 e5 2. f4 exf4 3.
Nf3 Nc6 4. d4 Nf6 5. e5 Nd5 6.
Bc4 Nb6 7. Bb3 d6 8. Bxf4 dxe5 9. Bxe5 Nxe5 10. Nxe5 Bd6 11. Nxf7 Qe7+ 12. Qe2 Qxe2+ 13. Kxe2 Rf8 14. Nxd6+ cxd6 15.
Re1 Bg4+ 16. Kd2+ Kd7 17. Kd3 Rac8 18. c4 Bf5+ 19. Kc3 Nd5+ 20. Kd2 Nb4 21. Ba4+ Kc7 22. Re3 Bg6 23. Na3 a6 24.
d5 Rf2+ 25. Kc3 a5 26. Nb5+ Kb6 27. Nxd6 Rc2+ 28. Bxc2 Rc7 29. Be4 Nxd5+ 30. Bxd5 Rd7 31. Re6 Kc5 32. Nxb7+ 1-0

[Event "MCR rapid mládeže 2023 U16"]
[Site "Harachov, Czech Republic"]
[Date "2023.09.09"]
[Round "4.39"]
[White "Tykalova, Barbora"]
[Black "Zidkova, Agnes"]
[Result "1-0"]
[TimeControl "20min+5s/move"]
[WhiteElo "1121"]
[BlackElo "1045"]

1. e4 e6 2. d4 d5 3. exd5 exd5 4. c4 c6 5. Nc3 Nf6 6. Bg5 Be7 7. Nf3 Bf5 8. Qb3 b6 9. Bxf6 Bxf6 10.
cxd5 O-O 11. Be2 Re8 12. O-O cxd5 13. Qxd5 Qxd5 14. Nxd5 Bd8 15. Bb5 Bd7 16. Bc4 Nc6 17. Ng5 Rc8 18.
Nxb6 Bxb6 19. Bxf7+ Kh8 20. Bxe8 Rxe8 21. Nf7+ Kg8 22. Nd6 Re2 23. d5 Ne7 24. Nc4 Nxd5 25. Rad1 Be6 26. Nxb6 Nxb6 27.
Rfe1 Rxe1+ 28. Rxe1 Kf7 29. b3 Nd5 30. f3 Nc3 31. Kf2 Nxa2 32. Re2 Nc3 33. Rc2 Nb5 34. Rc5 a6 35. Rc6 a5 36.
Ra6 Bxb3 37. Rxa5 Nd6 38. Ra3 Be6 39. Ra7+ Kf6 40. Ke3 Nb5 41. Ra5 Nd6 42. Kd4 Nb7 43. Ra6 Nd8 44. g4 Ke7 45.
Ra7+ Kf6 46. Ra6 Ke7 47. Ke5 Nf7+ 48. Kd4 Nd6 49. g5 Nb5+ 50. Kc5 Nc7 51. Ra7 Kd7 52. Kb6 Bd5 53. Rxc7+ Ke6 54.
Rxg7 Bxf3 55. Rxh7 Be4 56. Rh6 Kf5 57. h4 Bd5 58. Rf6+ Ke5 59. h5 Be4 60. h6 Bd3 61. Rf3 Be4 62.
Re3 Kf5 63. h7 Kxg5 64. h8=Q Kf4 65. Rxe4+ Kxe4 66. Qf6 Ke3 67. Qf5 Kd4 68. Kb5 Kc3 69. Qd5 Kc2 70. Qd4 Kb3 71. Qc4+ Kb2 72.
Kb4 Kb1 73. Ka3 Ka1 74. Qc1# 1-0

[Event "MCR rapid mládeže 2023 U16"]
[Site "Harachov, Czech Republic"]
[Date "2023.09.09"]
[Round "4.40"]
[White "Zadrapova, Gabriela"]
[Black "Chmelova, Klara"]
[Result "1-0"]
[TimeControl "20min+5s/move"]
[WhiteElo "1206"]
[BlackElo "1145"]

1. e4 c5 2. Nf3 Nc6 3. Nc3 g6 4. Bc4 Bg7 5. O-O b6 6. d3 Bb7 7. Be3 e6 8. d4 cxd4 9. Nxd4 Nf6 10.
Nxc6 Bxc6 11. e5 Nh5 12. f4 O-O 13. Nb5 a6 14. Nd4 Be4 15. g4 Qb8 16. gxh5 gxh5 17. Qxh5 b5 18. Bd3 Bxd3 19.
cxd3 Qb6 20. Bf2 d6 21. Qg5 dxe5 22. Nf5 Qxf2+ 23. Rxf2 exf5 24. Rg2 f6 25. Qxg7# 1-0

[Event "MCR rapid mládeže 2023 U16"]
[Site "Harachov, Czech Republic"]
[Date "2023.09.09"]
[Round "4.42"]
[White "Vanickova, Natalie"]
[Black "Topencikova, Ellen"]
[Result "1-0"]
[TimeControl "20min+5s/move"]
[WhiteElo "1162"]
[BlackElo "1038"]

1. d4 d5 2. c4 dxc4 3. e4 e6 4. Nf3 Bb4+ 5. Nc3 Ne7 6. Bxc4 O-O 7. O-O Ng6 8. e5 Nc6 9. a3 Be7 10.
b4 a6 11. Be3 b5 12. Bb3 f6 13. d5 exd5 14. Bxd5+ Kh8 15. Bxc6 Qxd1 16. Raxd1 Ra7 17. Bxa7 fxe5 18. Rfe1 Bd6 19.
Ne4 Be7 20. Bb8 Bg4 21. Ng3 Rxb8 22. h3 Be6 23. Nxe5 Nf8 24. Nd7 Nxd7 25. Bxd7 Bxd7 26. Rxd7 Bh4 27. Nf5 h6 28. Nxh4 Rc8 29.
Ree7 c5 30. Rxg7 c4 31. Ng6# 1-0

[Event "MCR rapid mládeže 2023 U16"]
[Site "Harachov, Czech Republic"]
[Date "2023.09.09"]
[Round "5.1"]
[White "Roubal, Matyas"]
[Black "Juhanak, Daniel"]
[Result "1/2-1/2"]
[TimeControl "20min+5s/move"]
[WhiteElo "1911"]
[BlackElo "1878"]

1. e4 e6 2. d4 d5 3. Nc3 Bb4 4. a3 Bxc3+ 5. bxc3 dxe4 6. Qg4 Nf6 7. Qxg7 Rg8 8. Qh6 Rg6 9. Qh4 Rg4 10. Qh6 Rg6 11. Qh4 Rg4 12. Qh6 1/2-1/2

[Event "MCR rapid mládeže 2023 U16"]
[Site "Harachov, Czech Republic"]
[Date "2023.09.09"]
[Round "5.2"]
[White "Svadlenka, Dominik"]
[Black "Sotek, Simon"]
[Result "1/2-1/2"]
[TimeControl "20min+5s/move"]
[WhiteElo "1588"]
[BlackElo "1526"]

1. d4 d5 2. c4 e6 3. Nc3 Nf6 4. Bg5 Nbd7 5. e3 Bb4 6. cxd5 exd5 7. Bd3 c6 8.
Nf3 Qa5 9. Qc2 O-O 10. O-O Bxc3 11. bxc3 Re8 12. Bh4 b6 13. c4 Bb7 14. cxd5 cxd5 15. Qb3 Ba6 16. Rfc1 Rac8 17. Bxa6 Qxa6 18.
a4 Qb7 19. a5 Rxc1+ 20. Rxc1 Rc8 21. Rb1 Ne4 22. axb6 Nxb6 23. h3 h6 24. Ra1 Qc7 25. Ne5 g5 26. Bg3 Nxg3 27. fxg3 Nc4 28.
Ng4 Kg7 29. Kh2 h5 30. Nf2 Re8 31. Re1 h4 32. e4 Nd2 33. Qe3 hxg3+ 1/2-1/2

[Event "MCR rapid mládeže 2023 U16"]
[Site "Harachov, Czech Republic"]
[Date "2023.09.09"]
[Round "5.3"]
[White "Jasso, Matej"]
[Black "Popov, Roman"]
[Result "1-0"]
[TimeControl "20min+5s/move"]
[WhiteElo "1794"]
[BlackElo "1751"]

1. e4 c6 2. d4 d5 3. exd5 cxd5 4. Bd3 Nc6 5. c3 Qc7 6. h3 Nf6 7. Ne2 g6 8. Bf4 Qb6 9. Qc2 Bf5 10.
Bxf5 gxf5 11. Nd2 e6 12. Rg1 O-O-O 13. g4 fxg4 14. hxg4 Be7 15. O-O-O Qa6 16. Nb3 Qxa2 17. f3 Na5 18.
Nxa5 Qxa5 19. c4 Kd7 20. g5 Nh5 21. Be5 Qa1+ 22. Kd2 Qa5+ 23. Kc1 Qa1+ 24. Kd2 Qa5+ 25. Ke3 Rhg8 26. Qxh7 Bxg5+ 27. Rxg5 Rxg5 28. Qxf7+ Kc8 29. cxd5 Rxe5+ 30. dxe5 Qc5+ 31. Rd4 Rxd5 32. Qxe6+ Kc7 33. Qxd5 1-0